 Dungeon Crawl Stone Soup version 0.19-a0-1587-gaef70b6 (webtiles) character file.

422 Ryco the Chopper (level 6, -2/56 HPs)
             Began as a Minotaur Berserker on Sept 15, 2016.
             Was a Believer of Trog.
             Succumbed to Sigmund's poison
             ... on level 5 of the Dungeon on Sept 16, 2016.
             The game lasted 00:06:09 (1114 turns).

Ryco the Chopper (Minotaur Berserker)               Turns: 1114, Time: 00:06:11

Health: -2/56      AC:  7    Str: 23    XL:     6   Next: 63%
Magic:  5/5        EV: 11    Int:  4    God:    Trog [**....]
Gold:   122        SH:  0    Dex: 10    Spells: 0 memorised, 5 levels left

rFire  . . .     SeeInvis .     a - +0 hand axe
rCold  . . .     Gourm    .     j - +0 scale mail
rNeg   . . .     Faith    .     (no shield)
rPois  .         Spirit   .     (helmet restricted)
rElec  .         Dismiss  .     (no cloak)
rCorr  .         Reflect  .     (no gloves)
MR     ++...     Harm     .     (no boots)
Stlth  ..........               (no amulet)
                                (no ring)
                                (no ring)

@: lethally poisoned (-2 -> -26), exhausted, regenerating, slowed, very slow
A: retaliatory headbutt, horns 2
a: Berserk, Trog's Hand, Burn Spellbooks, Renounce Religion


You were on level 5 of the Dungeon.
You worshipped Trog.
Trog was pleased with you.
You were very hungry.

You visited 1 branch of the dungeon, and saw 5 of its levels.

You collected 122 gold pieces.

Inventory:

Hand Weapons
 a - a +0 hand axe (weapon)
Missiles
 i - 3 tomahawks (quivered)
Armour
 j - a +0 scale mail (worn)
Scrolls
 b - 2 scrolls of magic mapping {unknown}
 e - a scroll of amnesia {unknown}
 g - a scroll of fog {unknown}
 k - a scroll of enchant weapon {unknown}
 l - a scroll of fear {unknown}
 o - 2 scrolls of remove curse {unknown}
 p - a scroll of teleportation {unknown}
 q - 2 scrolls of noise {unknown}
 r - 2 scrolls of recharging {unknown}
 u - a scroll of blinking {unknown}
 v - a scroll of vulnerability {unknown}
Potions
 f - 2 potions of ambrosia
 h - 2 potions of curing {unknown}
 m - 2 potions of might
 t - a potion of invisibility
Comestibles
 c - 4 bread rations
 n - a meat ration


   Skills:
 + Level 5.0 Fighting
 * Level 7.2 Axes
 + Level 3.8 Armour
 + Level 3.4 Dodging


You had 5 spell levels left.
You didn't know any spells.

Dungeon Overview and Level Annotations

Branches:
Dungeon (5/15)
 Temple: D:4-7

Altars:
Fedhas
Gozag
Kikubaaqudgha
Sif Muna
Uskayaw

Annotations:
D:5 Sigmund


Innate Abilities, Weirdness & Mutations

You reflexively headbutt those who attack you in melee.
You have a pair of horns on your head.


Message History

You hear a zap.
A puff of flame appears from out of thin air!
The puff of flame misses you. Something hits you!
You are more poisoned.
You slash something!
You feel very sick. Something hits you!
You are lethally poisoned!
You closely miss something.
* * * LOW HITPOINT WARNING * * *
You feel very sick. Something hits you.
* * * LOW HITPOINT WARNING * * *
You are more poisoned.
You miss something. You headbutt something.
* * * LOW HITPOINT WARNING * * *
You feel extremely sick. Something barely misses you.
You hit something.
You die...

######### #######
###........ .......
#.....# ####### #...@{#
#......
#.....#########......
###...........'......
#################......
#...........>...'......
#.##########.####......
#.# #.# #...... #.#
###.####.....( #.#
#....รท........


There were no monsters in sight!

Vanquished Creatures
  The ghost of tardigrade the Ruffian, a novice DrTm of Makhleb (D:4)
  An iguana (D:5)
  4 gnolls (D:5)
  An ooze (D:2)
  3 worms
  A dart slug (D:2)
  2 leopard geckos
  9 orcs
  4 giant cockroaches (D:2)
  A hobgoblin (D:2)
  4 jackals (D:5)
  A frilled lizard (D:2)
  5 kobolds
  3 rats (D:2)
40 creatures vanquished.

Notes
Turn   | Place    | Note
-------+----------+-------------------------------------------
     0 | D:1      | Ryco the Minotaur Berserker began the quest for the Orb.
     0 | D:1      | Reached XP level 1. HP: 19/19 MP: 0/0
   100 | D:2      | Reached skill level 4 in Axes
   100 | D:2      | Reached XP level 2. HP: 25/27 MP: 1/1
   338 | D:2      | Found a blossoming altar of Fedhas.
   347 | D:2      | Reached XP level 3. HP: 31/33 MP: 2/2
   423 | D:3      | Found a hide-covered altar of Uskayaw.
   424 | D:3      | Noticed a dagger
   424 | D:3      | Noticed a hand axe
   458 | D:3      | Found an opulent altar of Gozag.
   548 | D:3      | Found a deep blue altar of Sif Muna.
   594 | D:4      | Reached ** piety under Trog
   625 | D:5      | Entered Level 5 of the Dungeon
   679 | D:5      | Upgraded the game from 0.19-a0-1571-g5ccf90f to 0.19-a0-1587-gaef70b6
   776 | D:4      | Noticed tardigrade's ghost (novice DrTm)
   781 | D:4      | Noticed a hungry ghost
   784 | D:4      | Killed tardigrade's ghost
   784 | D:4      | Reached skill level 6 in Axes
   784 | D:4      | Reached XP level 4. HP: 30/41 MP: 3/3
   784 | D:4      | Reached XP level 5. HP: 35/47 MP: 4/4
   784 | D:4      | Reached XP level 6. HP: 41/55 MP: 5/5
   827 | D:5      | Reached skill level 7 in Axes
   832 | D:5      | Reached skill level 5 in Fighting
   932 | D:5      | Found an ancient bone altar of Kikubaaqudgha.
  1101 | D:5      | Noticed Sigmund
  1113 | D:5      | HP: 2/56 [poisoned by Sigmund]
  1114 | D:5      | Succumbed to Sigmund's poison

Vault maps used:
D:1:      saegor_arrival_simple_e, minivault_14
D:2:      nicolae_overflow_crystal_walls, first_bread, kennysheep_cross_room,
          fedhas_altar_1
D:3:      dancing_weapons_uskayaw, led_sif_book, grunt_gozag_statues
D:4:      lemuel_crystal_altar
D:5:      kiku_gazebo_garden_becter, grunt_decor_one_mirror, uniq_sigmund

Skill      XL: |  1  2  3  4  5  6 |
---------------+-------------------+-----
Axes           | 4 6 7 |  7.2
Fighting       | 4 5 |  5.0
Armour         | 3 |  3.8
Dodging        | 3 |  3.4

Action                   |  1- 3 |  4- 6 || total
-------------------------+-------+-------++-------
Melee: Hand axe          |    70 |    36 ||   106
       Headbutt          |     9 |     5 ||    14
Invok: Berserk           |     1 |     1 ||     2
       Trog's Hand       |     1 |     1 ||     2
  Use: Scroll            |       |     3 ||     3
  Eat: Chunk             |       |     2 ||     2
Armor: Animal skin       |     5 |       ||     5
       Scale mail        |    10 |    11 ||    21
Dodge: Dodged            |    37 |    21 ||    58
